AoeStats
← luis.almeida.legorburu

Arabia

509997617Analyzed
1v1 RM · 2d ago on Sep 29, 2026· 51m 19s· 2 players
Game mode
Random Map
Map size
Tiny (2 player)
Population
200
Speed
Normal
Resources
Standard
Victory
Conquest
Starting age
Dark Age
Ending age
Imperial Age
RankedLock teamsTeams togetherTeam positionsShared explorationLock speedFull tech treeHidden civsTurbo modeCheats
Victory
Defeat
🇺🇾 Malay · Uruguay
737
+17
🇫🇷 Magyars · France
759
-17
luis.almeida.legorburu
10:38 Feudal Age
18:51 Castle Age
18:56 Horse Collar
21:42 Heavy Plow
21:45 Pikeman
25:49 Wheelbarrow
27:09 Hand Cart
29:01 Squires
28:47 Arson
33:05 Double-Bit Axe
36:17 Imperial Age
38:34 Halberdier
41:24 Conscription
43:31 Crop Rotation
Bolemro
8:20 Loom
10:24 Feudal Age
11:18 Town Watch
11:20 Double-Bit Axe
11:19 Horse Collar
18:23 Bloodlines
22:35 Castle Age
22:42 Crossbowman
23:30 Thumb Ring
29:41 Town Patrol
30:35 Fletching
30:46 Padded Archer Armor
33:18 Elite Skirmisher
33:59 Bodkin Arrow
34:41 Ballistics
34:30 Heavy Plow
35:33 Herbal Medicine
40:25 Imperial Age
39:06 Murder Holes
39:41 Leather Archer Armor
41:46 Arbalester
44:58 Chemistry
43:43 Arbalester
45:11 Bracer
45:41 Ring Archer Armor
46:08 Conscription
Connection lost

Rejoining the realm…

Still unreachable

The connection could not be restored.

Session expired

The server has moved on; the page needs a fresh start.